 Dungeon Crawl Stone Soup version 0.27.1-4-g1640c2035a (webtiles) character file.

Game seed: 16914620473047316358

54 zeram the Grave Robber (level 3, -2/19 HPs)
             Began as a Deep Elf Necromancer on Nov 16, 2021.
             Slain by an adder (4 damage)
             ... on level 2 of the Dungeon.
             The game lasted 00:02:19 (2089 turns).

zeram the Grave Robber (Deep Elf Necromancer)       Turns: 2089, Time: 00:02:19

Health: -2/19      AC:  2    Str:  5    XL:     3   Next: 66%
Magic:  2/10       EV: 12    Int: 20    God:
Gold:   104        SH:  0    Dex: 15    Spells: 8/9 levels left

rFire    . . .     SeeInvis .   e - staff of death
rCold    . . .     Faith    .   (no shield)
rNeg     + . .     Spirit   .   a - +0 robe
rPois    .         Reflect  .   (no helmet)
rElec    .         Harm     .   (no cloak)
rCorr    .         Rampage  .   (no gloves)
Will     .....                  (no boots)
Stlth    ++........             (no amulet)
HPRegen  0.06/turn              (no ring)
MPRegen  0.12/turn              (no ring)

@: no status effects
A: no striking features
a: no special abilities


You were on level 2 of the Dungeon.
You visited 1 branch of the dungeon, and saw 2 of its levels.

You collected 104 gold pieces.

Inventory:

Hand Weapons
 b - a +3 short sword
Armour
 a - a +0 robe (worn)
Magical Staves
 e - a staff of death (weapon)
Scrolls
 d - a scroll of blinking {unknown}
 f - a scroll of fear {unknown}
 g - a scroll of enchant weapon {unknown}


   Skills:
 + Level 0.4 Staves
 - Level 2.4 Dodging
 - Level 2.4 Stealth
 + Level 3.6 Spellcasting
 + Level 6.1 Necromancy


You had 8 spell levels left.
You knew the following spells:

 Your Spells              Type           Power      Damage    Failure   Level
a - Pain                  Necr           100%       1d9       1%          1

Your spell library contained the following spells:

 Spells                   Type           Power      Damage    Failure   Level
 Animate Skeleton         Necr           84%        N/A       1%          1
 Vampiric Draining        Necr           21%        2d9       3%          3
 Animate Dead             Necr           21%        N/A       11%         4
 Agony                    Necr           42%        N/A       30%         5


Dungeon Overview and Level Annotations

Branches:
Dungeon (2/15)

Altars:


Message History

Confirm with . or Enter, or press ? or * to list all spells.
Aiming: Pain (safe; 1% risk of failure)
Press: ? - help, Shift-Dir - straight line, f - goblin
Aim: a goblin, wielding a +0 club (chance to affect: 93%)
You feel a surge of power!
The goblin writhes in agony.
You kill the goblin!
You feel sick.
You start resting.
You feel sick.
You are no longer poisoned.
You start resting.
An adder comes into view.
As you read the scroll labelled WIOXIECHOO, it crumbles to dust.
You hear a loud clanging noise!
It was a scroll of noise.
The adder hisses angrily.
You hear an angry hiss. x2; You hear a shout! x2
Casting: Pain (safe; 1% risk of failure)
Confirm with . or Enter, or press ? or * to list all spells.
Aiming: Pain (safe; 1% risk of failure)
Press: ? - help, Shift-Dir - straight line, f - adder
Aim: an adder (chance to affect: 89%)
You feel a surge of power!
The adder writhes in agony.
Casting: Pain (safe; 1% risk of failure)
Confirm with . or Enter, or press ? or * to list all spells.
Aiming: Pain (safe; 1% risk of failure)
Press: ? - help, Shift-Dir - straight line, f/p - adder
Aim: an adder (moderately wounded, chance to affect: 89%)
You feel a surge of power!
The adder barely resists.
Casting: Pain (safe; 1% risk of failure)
Confirm with . or Enter, or press ? or * to list all spells.
Aiming: Pain (safe; 1% risk of failure)
Press: ? - help, Shift-Dir - straight line, f/p - adder
Aim: an adder (moderately wounded, chance to affect: 89%)
You feel a surge of power!
The adder writhes in agony.
Casting: Pain (safe; 1% risk of failure)
Confirm with . or Enter, or press ? or * to list all spells.
Aiming: Pain (safe; 1% risk of failure)
Press: ? - help, Shift-Dir - straight line, f/p - adder
Aim: an adder (moderately wounded, chance to affect: 89%)
You feel a surge of power!
The adder writhes in agony.
The adder bites you.
You die...

#.##..###
#.......##
#...†....##
#..........#######.
#.....(............
#..........########
#..........#
#.......)).#
##......@.##
......†S..#
..........#
..........#
..........#
........!.#
......>...#
...........


You could see an adder.

Vanquished Creatures
  3 adders (D:2)
  A dart slug (D:1)
  3 endoplasms (D:1)
  3 giant cockroaches
  2 goblins
  3 hobgoblins (D:1)
  4 ball pythons
  A bat (D:1)
  2 kobolds (D:1)
  5 rats (D:1)
27 creatures vanquished.

Notes
Turn   | Place    | Note
-------+----------+-------------------------------------------
     0 | D:1      | zeram the Deep Elf Necromancer began the quest for the Orb.
     0 | D:1      | Reached XP level 1. HP: 10/10 MP: 6/6
   284 | D:1      | Reached skill level 5 in Necromancy
   518 | D:1      | Reached XP level 2. HP: 3/15 MP: 5/8
  1938 | D:2      | Reached XP level 3. HP: 17/19 MP: 6/9
  1979 | D:2      | Reached skill level 6 in Necromancy
  2089 | D:2      | Slain by an adder

Illustrated notes

Levels and vault maps discovered:
D:1:      dpeg_arrival_rooms_with_view, layout_basic
D:2:      layout_rooms, shapermc_ecumenical_altar_pompeii

Skill      XL: |  1  2  3 |
---------------+----------+-----
Necromancy     | 5 6 |  6.1
Staves         | |  0.4
Dodging        | |  2.4
Stealth        | |  2.4
Spellcasting   | |  3.6

Action                   || total
-------------------------++-------
Melee: Staff             ||    22
       Short sword       ||     9
       Unarmed           ||     1
 Cast: Pain              ||    34
  Use: Scroll            ||     1
 Stab: Sleeping          ||     5
Armor: Robe              ||     1
Dodge: Dodged            ||    25
